AoeStats
← cryptid

Arena

510328514Analyzed
4v4 RM · 19h ago on Sep 30, 2026· 35m 17s· 8 players
Game mode
Random Map
Map size
Large (8 player)
Population
200
Speed
Normal
Resources
Standard
Victory
Conquest
Starting age
Dark Age
Ending age
Imperial Age
RankedLock teamsTeams togetherTeam positionsShared explorationLock speedFull tech treeHidden civsTurbo modeCheats
Victory
Defeat
🇦🇹 Khmer · Austria
1403
+20
🇨🇳 Persians · China
1380
+21
🇨🇳 Turks · China
1367
+21
🇺🇸 Dravidians · United States
1360
+21
🇨🇳 Wu · China
1524
-22
🇯🇵 Magyars · Japan
1503
-21
🇨🇳 Italians · China
1479
-21
🇦🇷 Danes · Argentina
1432
-19
MineirodeOuro
0:25 Loom
14:05 Feudal Age
18:22 Castle Age
21:57 Wheelbarrow
Listiger
10:17 Feudal Age
13:30 Castle Age
11:35 Double-Bit Axe
12:22 Horse Collar
22:23 Wheelbarrow
27:48 Imperial Age
25:39 Hand Cart
25:47 Bloodlines
25:37 Husbandry
25:34 Stone Mining
25:38 Gold Mining
26:39 Scale Barding Armor
27:02 Loom
27:28 Forging
27:21 Husbandry
28:42 Chain Barding Armor
30:11 Fletching
31:10 Double Crossbow
31:30 Conscription
31:35 Ballistics
32:15 Chemistry
31:26 Masonry
32:58 Heavy Scorpion
33:47 Heavy Scorpion
35:13 Bodkin Arrow
cryptid
1:42 Loom
6:03 Loom
10:41 Feudal Age
11:48 Double-Bit Axe
14:32 Castle Age
12:43 Horse Collar
15:37 Bow Saw
15:28 Heavy Plow
21:28 Wheelbarrow
22:30 Gold Mining
28:28 Imperial Age
26:16 Fletching
27:17 Gold Shaft Mining
27:38 Stone Mining
27:55 Bodkin Arrow
33:23 Two-Man Saw
33:54 Hand Cart
35:04 Conscription
Shaun
10:46 Feudal Age
14:20 Castle Age
12:48 Double-Bit Axe
13:01 Horse Collar
15:11 Bow Saw
18:57 Wheelbarrow
21:20 Heavy Plow
22:23 Hand Cart
21:56 Loom
23:16 Gold Mining
24:19 Stone Mining
24:45 Town Watch
27:52 Imperial Age
26:33 Scale Barding Armor
26:39 Forging
27:58 Gold Shaft Mining
28:03 Stone Shaft Mining
27:32 Husbandry
27:51 Bloodlines
28:10 Chain Barding Armor
28:45 Iron Casting
28:35 Guilds
27:49 Cavalier
28:54 Conscription
29:39 Two-Man Saw
29:37 Plate Barding Armor
30:29 Blast Furnace
31:00 Padded Archer Armor
30:52 Fletching
30:59 Savar
32:37 Crop Rotation
33:45 Parthian Tactics
33:39 Leather Archer Armor
33:21 Bodkin Arrow
33:47 Heavy Cavalry Archer
34:57 Thumb Ring
35:25 Ring Archer Armor
桐原冬子
10:23 Feudal Age
11:04 Double-Bit Axe
14:00 Castle Age
11:58 Horse Collar
15:01 Bow Saw
16:24 Wheelbarrow
22:18 Heavy Plow
23:34 Hand Cart
24:01 Gold Mining
28:19 Imperial Age
25:58 Scale Mail Armor
26:55 Chain Mail Armor
27:22 Gold Shaft Mining
26:38 Stone Mining
26:57 Loom
26:58 Town Watch
27:05 Pikeman
28:44 Halberdier
28:59 Capped Ram
30:00 Conscription
30:01 Corvinian Army
30:54 Fletching
32:06 Chemistry
31:58 Ballistics
31:41 Heavy Cavalry Archer
32:27 Thumb Ring
32:48 Parthian Tactics
32:21 Bodkin Arrow
32:27 Padded Archer Armor
33:30 Bracer
33:59 Recurve Bow
34:24 Scale Barding Armor
34:36 Leather Archer Armor
34:08 Elite Magyar Huszar
35:40 Hoardings
34:32 Crossbowman
35:34 Chain Barding Armor
36:05 Ring Archer Armor
李清然
10:40 Feudal Age
14:38 Castle Age
13:03 Double-Bit Axe
13:40 Loom
15:53 Bow Saw
16:20 Fletching
18:45 Bodkin Arrow
23:01 Red Cliffs Tactics
26:31 Wheelbarrow
28:32 Horse Collar
31:44 Imperial Age
29:30 Padded Archer Armor
30:49 Treadmill Crane
31:30 Ballistics
31:30 Leather Archer Armor
31:30 Town Watch
32:28 Bracer
33:51 Chemistry
33:49 Conscription
34:28 Elite Fire Archer
垃圾小士兵
8:31 Loom
10:20 Feudal Age
11:32 Double-Bit Axe
14:30 Castle Age
16:30 Bow Saw
18:06 Fletching
20:37 Wheelbarrow
20:33 Gold Mining
21:04 Loom
21:18 Town Watch
23:01 Bodkin Arrow
24:05 Padded Archer Armor
25:51 Horse Collar
29:30 Imperial Age
27:30 Ballistics
30:02 Thumb Ring
30:42 Bracer
31:47 Chemistry
32:35 Leather Archer Armor
34:45 Conscription
34:56 Ring Archer Armor
34:56 Elite Genoese Crossbowman
星梦
10:31 Feudal Age
14:03 Castle Age
12:06 Double-Bit Axe
12:33 Horse Collar
15:13 Bow Saw
16:57 Wheelbarrow
18:56 Gold Mining
22:40 Heavy Plow
22:43 Loom
25:18 Hand Cart
29:28 Imperial Age
27:48 Gold Shaft Mining
26:38 Pikeman
27:28 Squires
27:38 Scale Mail Armor
27:27 Hamask
29:18 Chain Mail Armor
29:14 Forging
30:35 Iron Casting
30:29 Conscription
31:11 Plate Mail Armor
30:22 Capped Ram
30:32 Halberdier
32:37 Blast Furnace
32:01 Elite Jomsviking
33:54 Northmen's Fury
35:04 Arson
Connection lost

Rejoining the realm…

Still unreachable

The connection could not be restored.

Session expired

The server has moved on; the page needs a fresh start.